 Dungeon Crawl Stone Soup version 0.30-a0-242-g7bf8e6d787 (webtiles) character file.

Game seed: 8244660873217624260

34 sleeves the Firebug (level 3, 0/29 HPs)
             Began as a Demonspawn Cinder Acolyte on Oct 11, 2022.
             Was a High Priest of Ignis.
             Slain by a gnoll
             ... wielding a +0 club
              (6 damage)
             ... on level 1 of the Dungeon.
             The game lasted 00:01:41 (730 turns).

sleeves the Firebug (Demonspawn Cinder Acolyte)      Turns: 730, Time: 00:01:42

Health: 0/29       AC:  2    Str: 14    XL:     3   Next: 14%
Magic:  3/4        EV: 11    Int: 17    God:    Ignis [*****.]
Gold:   35         SH:  0    Dex:  8    Spells: 2/4 levels left

rFire   + . .      SeeInvis .    a - -1 falchion (flame)
rCold   + . .      Faith    .    (no shield)
rNeg    . . .      Spirit   .    b - +0 robe
rPois   .          Reflect  .    (no helmet)
rElec   .          Harm     .    (no cloak)
rCorr   .          Rampage  .    (no gloves)
Will    .....                    (no boots)
Stlth   +.........               (no amulet)
HPRegen 0.24/turn                f - ring of protection from cold
MPRegen 0.09/turn                (no ring)

@: no status effects
A: ignite blood 1, demonic magic 1
a: Renounce Religion, Fiery Armour, Foxfire Swarm, Rising Flame


You were on level 1 of the Dungeon.
You worshipped Ignis.
Ignis was extremely pleased with you.
You visited 1 branch of the dungeon, and saw 2 of its levels.

You collected 35 gold pieces.

Inventory:

Hand Weapons
 a - a -1 falchion of flaming (weapon)
Armour
 b - a +0 robe (worn)
Jewellery
 f - a ring of protection from cold (left hand)
   (You found it on level 2 of the Dungeon)
Scrolls
 c - 2 scrolls of identify {unknown}
Potions
 d - a potion of brilliance {unknown}
 e - 2 potions of curing {unknown}


   Skills:
 - Level 3.0 Fighting
 - Level 2.6 Long Blades
 - Level 2.0 Armour
 - Level 1.0 Spellcasting
 + Level 3.2 Fire Magic


You had 2 spell levels left.
You knew the following spells:

 Your Spells              Type           Power      Damage    Failure   Level
a - Scorch                Fire           22%        2d6       9%          2

Your spell library contained the following spells:

 Spells                   Type           Power      Damage    Failure   Level
 Ignite Poison            Fire/Tmut/Pois 4%         N/A       38%         3
 Kindle Blastsparks       Fire/Tloc/Air  8%         2d10      38%         3
 Sticky Flame             Conj/Fire      6%         2d3       73%         4
 Freezing Cloud           Conj/Ice/Air   0%         6-21      99%         5
 Ignition                 Fire           5%         3d4       100%        8


Dungeon Overview and Level Annotations

Branches:
Dungeon (2/15)

Altars:


Innate Abilities, Weirdness & Mutations

Your demonic aura sometimes causes spilled blood to erupt in flames.
Spells you cast may paralyse adjacent enemies.


Message History

Welcome, sleeves the Demonspawn Cinder Acolyte.
Below lies the Orb of Zot, rumoured to be powerful enough to resurrect a god...
The flames of Ignis gently warm you.
Press ? for a list of commands and other information.
Found a staircase leading out of the dungeon.
c - a scroll labelled IBAMIA VIUJY A rat comes into view.
A rat is nearby!
The rat closely misses you.
You hit the rat. You burn the rat.
You kill the rat!
No target in view!
No target in view!
No target in view!
No target in view!
No target in view!
No target in view!
A hobgoblin comes into view.
The hobgoblin shouts!
A bat comes into view.
There are monsters nearby!
There are monsters nearby!
A ball python comes into view. x2
The bat hits you. The bat attacks as you move away!
The bat hits you but does no damage. The bat barely misses you.
The bat misses you. The bat hits you but does no damage.
You swing at nothing.
The bat closely misses you.
You miss the bat. The bat hits you but does no damage. x2
You miss the bat. The bat barely misses you.
You hit the hobgoblin but do no damage. The hobgoblin barely misses you.
You barely miss the hobgoblin. The hobgoblin hits you.
The hobgoblin closely misses you.
You closely miss the hobgoblin. The hobgoblin closely misses you.
You barely miss the hobgoblin. The hobgoblin hits you.
You closely miss the hobgoblin. The hobgoblin hits you.
You hit the hobgoblin. You burn the hobgoblin.
The hobgoblin is heavily wounded.
The hobgoblin closely misses you.
You hit the hobgoblin. You burn the hobgoblin.
You kill the hobgoblin!
The bat misses you. The bat hits you.
* * * LOW HITPOINT WARNING * * *
You closely miss the bat. The bat barely misses you. x2
You hit the bat. You burn the bat.
You kill the bat!
The ball python bites you but does no damage.
The ball python completely misses you.
You slash the ball python! You burn the ball python.
You kill the ball python!
You swing at nothing.
You swing at nothing.
You swing at nothing.
You swing at nothing.
You swing at nothing.
You swing at nothing.
You swing at nothing.
You swing at nothing.
You swing at nothing.
You swing at nothing.
You swing at nothing.
You swing at nothing.
You swing at nothing.
You swing at nothing.
You swing at nothing.
A hobgoblin comes into view.
You swing at nothing.
You swing at nothing.
You swing at nothing.
A hobgoblin is nearby!
A hobgoblin is nearby!
A hobgoblin is nearby!
The hobgoblin barely misses you.
You hit the hobgoblin. You burn the hobgoblin.
You kill the hobgoblin!
Your Armour skill increases to level 1!
No target in view!
No target in view!
No target in view!
No target in view!
No target in view!
No target in view!
No target in view!
No target in view!
No target in view!
A ball python is nearby!
A ball python is nearby!
A ball python is nearby!
The ball python hisses angrily.
You now have 7 gold pieces.
You see here a hobgoblin corpse.
The ball python bites you but does no damage.
The ball python grabs you. The ball python constricts you.
The ball python barely misses you. The ball python constricts you.
You closely miss the ball python. The ball python bites you.
The ball python constricts you.
You barely miss the ball python. The ball python bites you.
The ball python constricts you.
You barely miss the ball python. The ball python barely misses you.
The ball python constricts you. The ball python barely misses you.
The ball python constricts you.
You hit the ball python. You burn the ball python.
You kill the ball python!
No target in view!
No target in view!
No target in view!
No target in view!
No target in view!
No target in view!
No target in view!
No target in view!
HP restored.
You now have 22 gold pieces (gained 15).
You now have 35 gold pieces (gained 13).
d - a fizzy coppery potion A rat comes into view.
A rat is nearby!
A rat is nearby!
A kobold comes into view. It is wielding a +0 club.
Found a stone staircase leading down.
The kobold shouts!
Found 4 stones.
The rat closely misses you.
You barely miss the rat. The rat misses you.
You closely miss the rat. The rat barely misses you.
You barely miss the rat. The rat barely misses you.
The kobold barely misses you.
You hit the rat. You burn the rat.
You kill the rat!
The kobold hits you but does no damage.
You completely miss the kobold. The kobold hits you but does no damage.
You barely miss the kobold. The kobold barely misses you.
The kobold hits you with a +0 club.
You hit the kobold. You burn the kobold.
You kill the kobold!
No target in view!
No target in view!
No target in view!
No target in view!
No target in view!
No target in view!
No target in view!
No target in view!
You see here a rat corpse.
A kobold comes into view. It is wielding a +0 club.
A kobold is nearby!
A kobold is nearby!
A kobold is nearby!
The kobold shouts!
You closely miss the kobold. The kobold hits you with a +0 club.
You barely miss the kobold. The kobold hits you with a +0 club.
You are too injured to fight recklessly!
You are too injured to fight recklessly!
You are too injured to fight recklessly!
You are too injured to fight recklessly!
You are too injured to fight recklessly!
You are too injured to fight recklessly!
You are too injured to fight recklessly!
You are too injured to fight recklessly!
You are too injured to fight recklessly!
You are too injured to fight recklessly!
You are too injured to fight recklessly!
You are too injured to fight recklessly!
You are too injured to fight recklessly!
A kobold is nearby!
You hit the kobold. You burn the kobold.
The kobold is severely wounded.
The kobold closely misses you.
You completely miss the kobold.
The kobold is severely wounded.
The kobold misses you.
You barely miss the kobold.
The kobold is severely wounded.
The kobold barely misses you. The kobold hits you with a +0 club.
You barely miss the kobold.
The kobold is severely wounded.
The kobold hits you with a +0 club.
* * * LOW HITPOINT WARNING * * *
You closely miss the kobold.
The kobold is severely wounded.
The kobold hits you with a +0 club.
* * * LOW HITPOINT WARNING * * *
You miss the kobold.
The kobold is severely wounded.
The kobold hits you with a +0 club.
* * * LOW HITPOINT WARNING * * *
You hit the kobold. You burn the kobold.
You kill the kobold!
Things that are here:
a +0 club; a kobold corpse You pick up an Everburning Encyclopedia and begin reading...
You add the spells Ignite Poison, Sticky Flame and Ignition to your library.
You see here a +0 dagger.
You see here a +0 dagger.
A rat comes into view.
A rat is nearby!
A rat is nearby!
You closely miss the rat. The rat closely misses you.
You barely miss the rat. The rat bites you.
You hit the rat. You burn the rat.
You kill the rat!
You have reached level 2!
Your demonic ancestry asserts itself...
A menacing aura infuses your magic.
A goblin and a kobold come into view.
The goblin shouts!
The kobold shouts!
There are monsters nearby!
There are monsters nearby!
You closely miss the goblin. The goblin closely misses you.
You hit the goblin. You burn the goblin.
The goblin is heavily wounded.
The goblin hits you with a +0 club.
You closely miss the goblin.
The goblin is heavily wounded.
The goblin hits you with a +0 club.
A kobold comes into view. It is wielding a +0 club.
You barely miss the goblin.
The goblin is moderately wounded.
The kobold shouts!
The goblin barely misses you.
A goblin comes into view. It is wielding a +0 dagger.
You closely miss the goblin.
The goblin is moderately wounded.
The goblin shouts!
The goblin barely misses you.
You hit the kobold. You burn the kobold.
You kill the kobold!
The goblin barely misses you.
You barely miss the goblin.
The goblin is moderately wounded.
The goblin hits you with a +0 club.
You barely miss the goblin.
The goblin is moderately wounded.
The goblin hits you with a +0 club.
You closely miss the goblin.
The goblin is moderately wounded.
The goblin hits you with a +0 club.
You closely miss the goblin.
The goblin is moderately wounded.
The goblin barely misses you.
You hit the goblin. You burn the goblin.
You kill the goblin!
The goblin hits you but does no damage.
You barely miss the goblin. The goblin hits you with a +0 dagger.
You hit the goblin. You burn the goblin.
You kill the goblin!
You barely miss the kobold. The kobold hits you but does no damage.
You closely miss the kobold. The kobold barely misses you.
You hit the kobold. You burn the kobold.
You kill the kobold!
No target in view!
No target in view!
No target in view!
No target in view!
No target in view!
No target in view!
No target in view!
No target in view!
No target in view!
No target in view!
No target in view!
No target in view!
No target in view!
Okay, then.
You don't know any spells.
Memorise Scorch, consuming 2 spell levels and leaving 1?
You start memorising the spell.
You continue memorising. x2
You finish memorising.
Spell assigned to 'a'.
Items here: ( )))) ††.
A jackal comes into view.
The jackal moves out of view.
A jackal comes into view.
The jackal barks!
You hear a bark!
There are monsters nearby!
There are monsters nearby!
The jackal attacks as you move away! The jackal barely misses you.
The jackal bites you but does no damage.
Items here: ( )))) ††.
The jackal attacks as you move away! The jackal bites you.
You hit the jackal. You burn the jackal.
You kill the jackal!
The jackal bites you.
You hit the jackal. You burn the jackal.
You kill the jackal!
No target in view!
No target in view!
No target in view!
No target in view!
No target in view!
No target in view!
No target in view!
No target in view!
No target in view!
No target in view!
No target in view!
No target in view!
No target in view!
No target in view!
No target in view!
No target in view!
No target in view!
No target in view!
No target in view!
No target in view!
No target in view!
Items here: ( )))) ††.
A jackal comes into view.
A jackal is nearby!
A jackal is nearby!
A jackal is nearby!
A jackal is nearby!
A jackal is nearby!
The jackal barks!
The jackal barely misses you. The jackal misses you.
You barely miss the jackal. The jackal bites you.
You hit the jackal. You burn the jackal.
The jackal is severely wounded.
The jackal bites you but does no damage.
The jackal barely misses you.
You barely miss the jackal.
The jackal is severely wounded.
The jackal closely misses you.
You hit the jackal but do no damage.
The jackal is severely wounded.
The jackal bites you but does no damage.
The jackal closely misses you.
You hit the jackal. You burn the jackal.
You kill the jackal!
No target in view!
No target in view!
No target in view!
No target in view!
No target in view!
No target in view!
You see here a jackal corpse.
Found a quarterstaff.
You see here a +0 quarterstaff.
A gnoll comes into view. It is wielding a +0 club.
The gnoll shouts!
A gnoll is nearby!
A rat comes into view.
Items here: ( )))) ††.
You see here a rat corpse.
The rat twitches its whiskers.
Things that are here:
a +0 club; a kobold skeleton
There is a stone staircase leading down here.
You climb downwards.
Found 2 inky potions.
There is a stone staircase leading up here.
Found 2 poisoned darts.
A ball python comes into view.
Found a ring mail.
Found a stone staircase leading down.
A ball python is nearby!
The ball python closely misses you. The ball python grabs you.
The ball python constricts you. The ball python bites you.
The ball python constricts you.
You hit the ball python. You burn the ball python.
You kill the ball python!
No target in view!
No target in view!
No target in view!
No target in view!
No target in view!
No target in view!
HP restored.
An endoplasm comes into view.
You see here 2 inky potions.
An endoplasm is nearby!
An endoplasm is nearby!
e - 2 inky potions An endoplasm is nearby!
The endoplasm hits you but does no damage.
You barely miss the endoplasm. The endoplasm freezes you.
You are frozen.
You hit the endoplasm. You burn the endoplasm.
The endoplasm is almost dead.
The endoplasm freezes you.
You are frozen.
You hit the endoplasm but do no damage.
The endoplasm is almost dead.
The endoplasm freezes you.
You are frozen.
You are too injured to fight recklessly!
You are too injured to fight recklessly!
You are too injured to fight recklessly!
You are too injured to fight recklessly!
You are too injured to fight recklessly!
You are too injured to fight recklessly!
You are too injured to fight recklessly!
You are too injured to fight recklessly!
You are too injured to fight recklessly!
An endoplasm is nearby!
You hit the endoplasm. You burn the endoplasm.
You kill the endoplasm!
You see here a +0 ring mail.
There is a stone staircase leading up here.
An endoplasm comes into view.
An endoplasm is nearby!
An endoplasm is nearby!
The endoplasm quivers.
The endoplasm freezes you.
You are frozen.
You hit the endoplasm. You burn the endoplasm.
The endoplasm is heavily wounded.
The endoplasm freezes you.
You are frozen.
You barely miss the endoplasm.
The endoplasm is heavily wounded.
The endoplasm hits you. The endoplasm closely misses you.
You hit the endoplasm. You burn the endoplasm.
The endoplasm is almost dead.
The endoplasm hits you but does no damage.
You hit the endoplasm. You burn the endoplasm.
You kill the endoplasm!
Training target 2.0 for Armour reached!
Your Armour skill increases to level 2!
No target in view!
No target in view!
Found a mace.
A kobold comes into view. It is wielding a +0 whip.
Found an iron ring.
The kobold shouts!
A kobold is nearby!
A kobold is nearby!
Found a scroll labelled IBAMIA VIUJY.
A rat comes into view.
The kobold hits you with a +0 whip.
You closely miss the kobold. The kobold barely misses you.
You hit the kobold. You burn the kobold.
You kill the kobold!
The rat barely misses you.
You see here a +0 whip.
You barely miss the rat. The rat completely misses you.
You hit the rat. You burn the rat.
You kill the rat!
No target in view!
No target in view!
No target in view!
No target in view!
No target in view!
No target in view!
No target in view!
No target in view!
No target in view!
No target in view!
No target in view!
No target in view!
No target in view!
You pick up a Trismegistus Codex and begin reading...
You add the spells Kindle Blastsparks and Freezing Cloud to your library.
Found a mace.
f - a ring of protection from cold
f - a ring of protection from cold (left hand)
Okay, then.
c - 2 scrolls labelled IBAMIA VIUJY (gained 1)
A ball python comes into view.
The ball python hisses angrily.
A hobgoblin comes into view.
There are monsters nearby!
There are monsters nearby!
There are monsters nearby!
You hit the ball python. You burn the ball python.
You kill the ball python!
Found 4 gold pieces.
The hobgoblin shouts!
You hear a shout!
You hear an angry hiss.
You hear a bark!
A kobold comes into view. It is wielding a +0 dagger.
The kobold shouts!
A dart slug comes into view.
The kobold moves out of view.
You barely miss the hobgoblin. The hobgoblin barely misses you.
An endoplasm comes into view.
You hit the hobgoblin but do no damage.
An adder comes into view.
The hobgoblin closely misses you. x2
You hit the hobgoblin. You burn the hobgoblin.
You kill the hobgoblin!
Your Fire Magic skill increases to level 3!
Found a robe.
You closely miss the kobold. The kobold barely misses you.
You completely miss the adder. The adder bites you but does no damage.
The kobold barely misses you. The adder barely misses you.
You hit the adder. You burn the adder.
The adder is moderately wounded.
The adder bites you. The kobold hits you with a +0 dagger.
You hit the adder. You burn the adder.
The adder is almost dead.
The adder bites you.
You are poisoned.
The adder poisons you! The kobold hits you with a +0 dagger.
The adder closely misses you.
You are too injured to fight recklessly!
You are too injured to fight recklessly!
You feel sick.
You feel sick.
Casting: Scorch (safe; 11% risk of failure)
Confirm with . or Enter, or press ? or * to list all spells.
Flames lash the adder.
You kill the adder!
Malevolent energies surge around you.
The kobold suddenly stops moving!
You feel sick.
You have reached level 3!
Your experience leads to an increase in your attributes!
Increase (S)trength, (I)ntelligence, or (D)exterity?
You feel clever. x2; Your demonic ancestry asserts itself...
Your blood heats up.
The helpless kobold fails to defend itself.
You hit the kobold. You burn the kobold.
You kill the kobold!
You feel sick.
You feel sick.
The dart slug bites you but does no damage.
Things that are here:
a +0 dagger; a stone; a kobold corpse You hit the dart slug but do no damage.
You feel sick.
You are no longer poisoned.
The dart slug closely misses you.
You hit the dart slug. You burn the dart slug.
The dart slug is lightly wounded.
The dart slug launches a dart at you. The slug dart hits you.
* * * LOW HITPOINT WARNING * * *
The dart slug launches a dart at you. The slug dart misses you.
The dart slug launches a dart at you. The slug dart hits you.
* * * LOW HITPOINT WARNING * * *
The dart slug launches a dart at you. The slug dart hits you.
* * * LOW HITPOINT WARNING * * *
There is a stone staircase leading up here.
You climb upwards.
The gnoll hits you with a +0 club.
* * * LOW HITPOINT WARNING * * *
The gnoll hits you with a +0 club.
You die...

##### #...#
#######...# #..
......# #.####....#
########.##.#....#
....)........r..@#
.######.........g##
.###.(......#)....#
...#.####.#...#...#
##.# ...###.#...#
#.#
#.######.....###
##.#
#.##...........#
.#.#
#...........##.#
##.#.####.........#


You could see a gnoll and a rat.

Vanquished Creatures
  An adder (D:2)
  2 endoplasms (D:2)
  2 goblins (D:1)
  3 hobgoblins
  3 jackals (D:1)
  4 ball pythons
  A bat (D:1)
  6 kobolds
  4 rats
26 creatures vanquished.

Notes
Turn   | Place    | Note
-------+----------+-------------------------------------------
     0 | D:1      | sleeves the Demonspawn Cinder Acolyte began the quest for
                  | the Orb.
     0 | D:1      | Reached XP level 1. HP: 18/18 MP: 2/2
    48 | D:1      | HP: 9/18 [bat (1)]
    73 | D:1      | Reached skill level 1 in Armour
   158 | D:1      | HP: 8/18 [kobold/+0 club (2)]
   160 | D:1      | HP: 3/18 [kobold/+0 club (3)]
   334 | D:1      | Gained mutation: Spells you cast may paralyse adjacent
                  | enemies. [demonic ancestry]
   334 | D:1      | Reached XP level 2. HP: 21/24 MP: 3/3
   372 | D:1      | Learned a level 2 spell: Scorch
   611 | D:2      | Reached skill level 2 in Armour
   695 | D:2      | Reached skill level 3 in Fire Magic
   700 | D:2      | HP: 12/24 [poisoned by an adder]
   703 | D:2      | Gained mutation: Your demonic aura sometimes causes spilled
                  | blood to erupt in flames. [demonic ancestry]
   703 | D:2      | Reached XP level 3. HP: 13/29 MP: 1/4
   705 | D:2      | HP: 11/29 [poisoned by an adder]
   714 | D:2      | HP: 6/29 [dart slug/slug dart (4)]
   730 | D:1      | HP: 6/29 [gnoll/+0 club (4)]
   730 | D:1      | Slain by a gnoll

Illustrated notes

Levels and vault maps discovered:
D:1:      elethiomel_arrival_maze, layout_basic, hangedman_decor_push
D:2:      wad_river_or_something, layout_rooms

Skill      XL: |  1  2 |
---------------+-------+-----
Armour         | 1 2 |  2.0
Fire Magic     | 3 |  3.2
Fighting       | |  3.0
Long Blades    | |  2.6
Spellcasting   | |  1.0

Action                   || total
-------------------------++-------
Melee: Falchion          ||    84
 Cast: Scorch            ||     1
 Stab: Paralysed         ||     1
Armor: Robe              ||    17
Dodge: Dodged            ||    53

Table legend: (Time is in decaauts)
 A = Elapsed time spent in this place.
 B = Non-inter-level travel time spent in this place.
 C = Inter-level travel time spent in this place.
 D = Time resting spent in this place.
 E = Time spent auto-exploring this place.
 F = Levels seen in this place.
 G = Mean time per level.
                   A        B        C        D        E       F      G
               +--------+--------+--------+--------+--------+-----+--------+
         Total |    746 |    746 |      0 |      0 |    457 |   2 |  373.0 |
       Dungeon |    746 |    746 |      0 |      0 |    457 |   2 |  373.0 |
               +--------+--------+--------+--------+--------+-----+--------+

Top non-repeatable levels by time:
     D:1: 536 daAuts
     D:2: 209 daAuts
